 Dungeon Crawl Stone Soup version 0.28-a0-1624-g820543e53a (webtiles) character file.

Game seed: 12145800458216287796

895 HallandMoats the Vandal (level 8, -1/66 HPs)
             Began as a Ghoul Hunter on Jan 23, 2022.
             Was an Initiate of Okawaru.
             Slain by Pikel (2 damage)
             ... on level 5 of the Dungeon.
             The game lasted 00:06:47 (5680 turns).

HallandMoats the Vandal (Ghoul Hunter)              Turns: 5680, Time: 00:06:47

Health: -1/66      AC:  6    Str: 16    XL:     8   Next: 6%
Magic:  7/7        EV: 11    Int:  6    God:    Okawaru [......]
Gold:   194        SH:  0    Dex: 11    Spells: 7/7 levels left

rFire   . . .      SeeInvis +   b - +1 broad axe (elec)
rCold   + . .      Faith    .   (no shield)
rNeg    + + +      Spirit   .   f - +0 ring mail
rPois   ∞          Reflect  .   n - +0 helmet
rElec   .          Harm     .   (no cloak)
rCorr   .          Rampage  .   (no gloves)
Will    .....                   (no boots)
Stlth   +.........              (no amulet)
HPRegen 0.00/turn               t - ring of see invisible
MPRegen 0.10/turn               (no ring)

@: inhibited regen
A: claws 1, cold resistance 1, negative energy resistance 3, inhibited
regeneration, torment resistance 2
a: Renounce Religion


You were on level 5 of the Dungeon.
You worshipped Okawaru.
Okawaru was noncommittal.
You visited 2 branches of the dungeon, and saw 6 of its levels.

You collected 194 gold pieces.

Inventory:

Hand Weapons
 a - a +1 hunting sling
 b - a +1 broad axe of electrocution (weapon)
Missiles
 d - 8 sling bullets
 g - 150 stones (quivered)
Armour
 f - a +0 ring mail (worn)
 n - a +0 helmet (worn)
Jewellery
 t - a ring of see invisible (left claw)
Wands
 m - a wand of acid (9)
 s - a wand of flame (14)
Scrolls
 e - a scroll of fog
 i - a scroll of amnesia {unknown}
 l - 3 scrolls of teleportation {unknown}
 u - a scroll of holy word {unknown}
 v - a scroll of noise {unknown}
 w - a scroll of vulnerability {unknown}
 x - a scroll of identify
Potions
 c - 3 potions of brilliance
 h - a potion of might {unknown}
 j - a potion of haste {unknown}
 k - 2 potions of lignification {unknown}
 o - a potion of flight {unknown}
 p - a potion of degeneration {unknown}
 q - a potion of curing
 r - 2 potions of resistance {unknown}


   Skills:
 + Level 4.3 Fighting
 * Level 4.3 Axes
 + Level 5.2 Slings
 + Level 2.7 Armour
 + Level 3.4 Dodging
 - Level 1.1 Stealth
 * Level 0.9 Invocations


You had 7 spell levels left.
You didn't know any spells.
Your spell library contained the following spells:

 Spells                   Type           Power      Damage    Failure   Level
 Static Discharge         Conj/Air       0%         N/A       80%         2


Dungeon Overview and Level Annotations

Branches:
Dungeon (5/15)             Temple (1/1) D:5

Altars:
Ashenzari
Cheibriados
Dithmenos
Fedhas
Hepliaklqana
Kikubaaqudgha
Makhleb
Nemelex Xobeh
Okawaru
Qazlal
Ru
Sif Muna
Trog
Uskayaw
Vehumet
Wu Jian
Xom
Yredelemnul
Zin

Annotations:
D:3 2 transporters
D:4 1 runed translucent door
D:5 3 runed translucent doors, Pikel


Innate Abilities, Weirdness & Mutations

You thrive by killing the living.
You are immune to poison.
You have sharp fingernails.
Your flesh is cold resistant. (rC+)
You are immune to negative energy. (rN+++)
You do not regenerate when monsters are visible.
You are immune to unholy pain and torment.


Message History

Pikel burns you.
Your +1 broad axe of electrocution stops crackling.
a - a +1 hunting sling (weapon)
Fire: 10 sling bullets
Press: ? - help, Q - select action, (/) - cycle Shift-Dir - straight line, f - Pikel
Aim: Pikel, wielding a +1 whip of flaming and wearing a +0 robe (55% to hit)
You shoot a sling bullet. The sling bullet closely misses Pikel.
The sling bullet barely misses the lemure.
The sling bullet hits the lemure.
The lemure is lightly wounded.
Fire: 9 sling bullets
Press: ? - help, Q - select action, (/) - cycle Shift-Dir - straight line, f/p - Pikel
Aim: Pikel, wielding a +1 whip of flaming and wearing a +0 robe (55% to hit)
You shoot a sling bullet.
The sling bullet hits Pikel but does no damage.
Pikel hits you with a +1 whip of flaming.
Pikel burns you.
You hear the crackle of electricity.
b - a +1 broad axe of electrocution (weapon)
You barely miss Pikel.
Pikel hits you with a +1 whip of flaming.
Pikel burns you. Pikel barely misses you.
You barely miss Pikel.
Pikel hits you with a +1 whip of flaming!
Pikel burns you.
You closely miss Pikel. Pikel hits you but does no damage.
Pikel hits you with a +1 whip of flaming!
Pikel burns you.
You closely miss Pikel. Pikel barely misses you.
You closely miss Pikel.
Pikel hits you with a +1 whip of flaming!
* * * LOW HITPOINT WARNING * * *
Pikel burns you.
* * * LOW HITPOINT WARNING * * *
You hit Pikel.
Pikel is lightly wounded.
Pikel hits you with a +1 whip of flaming!
* * * LOW HITPOINT WARNING * * *
Pikel burns you.
You die...

####.##.#
##################........
#.........................
#.#######........<........ #.#
#.########.#####.. #.#
#.##.....#.# #.. #.# #.##..##.#.#
#.. #.# #.#......#.# #..
#.#######@##..####.#####..
#....).##K#......)........
#.......#5#.######.#####.#
#.##....#5#.#.............
########.##.<..#.#.#...##.#######
............5.K#.#.#....).......#
..........####.#(#.#..#......#..#
...................#............#
.#####.........#.#.#...#....#....


You could see Pikel and 2 lemures.

Vanquished Creatures
  Menkaure (D:5)
  An orc warrior (D:4)
  An ice beast (D:3)
  A black bear (D:5)
  A sky beast (D:5)
  An ogre (D:5)
  2 lemures (D:4)
  A water moccasin skeleton (D:4)
  A centaur zombie (D:4)
  A jelly (D:5)
  A hound (D:5)
  An orc wizard (D:4)
  6 adders
  A white imp (D:5)
  2 worms (D:4)
  7 dart slugs
  2 orcs (D:3)
  10 ball pythons
  3 endoplasms (D:1)
  2 giant cockroaches
  6 goblins
  8 hobgoblins
  11 kobolds
  4 quokkas
  12 bats
  5 frilled lizards
  8 rats
100 creatures vanquished.

Notes
Turn   | Place    | Note
-------+----------+-------------------------------------------
     0 | D:1      | HallandMoats the Ghoul Hunter began the quest for the Orb.
     0 | D:1      | Reached XP level 1. HP: 17/17 MP: 0/0
   134 | D:1      | Reached XP level 2. HP: 24/24 MP: 1/1
   316 | D:1      | Found a faded altar of an unknown god.
   322 | D:1      | Reached skill level 1 in Axes
   536 | D:1      | Reached XP level 3. HP: 30/30 MP: 2/2
  1350 | D:2      | Reached skill level 4 in Slings
  1918 | D:3      | Reached XP level 4. HP: 27/37 MP: 3/3
  2121 | D:3      | Noticed an ice beast
  2194 | D:3      | Killed an ice beast
  2195 | D:3      | Reached skill level 1 in Armour
  2195 | D:3      | Reached XP level 5. HP: 30/45 MP: 4/4
  2418 | D:3      | Found a sparkling altar of Nemelex Xobeh.
  2490 | D:3      | Found a transporter.
  2492 | D:3      | Noticed an ogre
  2493 | D:3      | Found a transporter.
  2502 | D:3      | Found an ornate altar of the Wu Jian Council.
  2502 | D:3      | Found a blossoming altar of Fedhas.
  2503 | D:3      | Found a shimmering altar of Xom.
  3232 | D:4      | Found a hide-covered altar of Uskayaw.
  3242 | D:4      | Reached XP level 6. HP: 37/51 MP: 5/5
  3365 | D:4      | Noticed an orc warrior
  3383 | D:4      | Killed an orc warrior
  3569 | D:4      | Found a bloodstained altar of Trog.
  3587 | D:4      | Found a shimmering blue altar of Sif Muna.
  3795 | D:4      | Got Sif Muna's Guide on Confrontation and Lightness
  3918 | D:4      | Found a runed translucent door.
  3918 | D:4      | Noticed a human
  3922 | D:4      | Found a basalt altar of Yredelemnul.
  3972 | D:4      | Reached XP level 7. HP: 35/58 MP: 6/6
  4343 | D:5      | Entered Level 5 of the Dungeon
  4356 | D:5      | Reached skill level 5 in Slings
  4375 | D:5      | Found a runed translucent gate.
  4375 | D:5      | Found a runed translucent gate.
  4375 | D:5      | Found a runed translucent gate.
  4602 | D:5      | Noticed Menkaure
  4615 | D:5      | Killed Menkaure
  4905 | D:5      | Found a staircase to the Ecumenical Temple.
  4917 | Temple   | Entered the Ecumenical Temple
  5093 | Temple   | Became a worshipper of Warmaster Okawaru
  5244 | D:5      | Reached XP level 8. HP: 61/66 MP: 7/7
  5281 | D:5      | Noticed Pikel
  5680 | D:5      | HP: 1/66 [Pikel (10)]
  5680 | D:5      | Slain by Pikel

Illustrated notes

Levels and vault maps discovered:
D:1:      onia_arrival_pyramid, layout_basic, ebering_ecumenical_altar_webs
D:2:      layout_loops_corners, minmay_stone_trees_medium
D:3:      kennysheep_slugbush, layout_basic, nemelex_xobeh_ov_fountains_minmay,
          gammafunk_temple_overflow_arena, minmay_fractal_squares_5
D:4:      layout_basic, nzn_overflow_gifts_of_might_and_magic,
          nicolae_uskayaw_murder_on_the_dancefloor, dk_yredelemnul_ordeal
D:5:      layout_basic, minmay_temple_entry_fiery, gammafunk_ghost_icy,
          minmay_misc_feat_more_columns, uniq_menkaure, uniq_pikel
Temple:   chequers_temple_sunken

Skill      XL: |  1  2  3  4  5  6  7 |
---------------+----------------------+-----
Axes           | 1 2 3 4 |  4.3
Dodging        | 2 3 |  3.4
Slings         | 4 5 |  5.2
Fighting       | 3 4 |  4.3
Armour         | 1 2 |  2.7
Stealth        | |  1.1
Invocations    | |  0.9

Action                   |  1- 3 |  4- 6 |  7- 9 || total
-------------------------+-------+-------+-------++-------
Melee: Broad axe         |    29 |   157 |    66 ||   252
       Punch             |       |     1 |     1 ||     2
 Fire: Hunting sling     |    85 |     4 |     2 ||    91
  Use: Scroll            |       |     4 |       ||     4
       Potion            |       |     1 |       ||     1
Armor: Leather armour    |     5 |       |       ||     5
       Ring mail         |    34 |   114 |    18 ||   166
Dodge: Dodged            |    47 |   163 |    58 ||   268

Table legend: (Time is in decaauts)
 A = Elapsed time spent in this place.
 B = Non-inter-level travel time spent in this place.
 C = Inter-level travel time spent in this place.
 D = Time resting spent in this place.
 E = Time spent auto-exploring this place.
 F = Levels seen in this place.
 G = Mean time per level.
                   A        B        C        D        E       F      G
               +--------+--------+--------+--------+--------+-----+--------+
         Total |   5873 |   5792 |     81 |    319 |   4399 |   6 |  978.8 |
       Dungeon |   5620 |   5540 |     80 |    319 |   4190 |   5 | 1124.0 |
        Temple |    252 |    251 |      1 |      0 |    209 |   1 |  252.0 |
               +--------+--------+--------+--------+--------+-----+--------+

Top non-repeatable levels by time:
     D:4: 1508 daAuts
     D:3: 1495 daAuts
     D:1: 931 daAuts
     D:2: 880 daAuts
     D:5: 804 daAuts
  Temple: 252 daAuts
